 Dungeon Crawl Stone Soup version 0.29.1-13-g9f3cf754e1 (webtiles) character file.

Game seed: 1531480454578820332

9 protoss039 the Digger (level 2, 18/20 HPs)
             Began as a Demonspawn Earth Elementalist on Feb 8, 2023.
             Got out of the dungeon alive.
             The game lasted 00:00:34 (394 turns).

protoss039 the Digger (DsEE)                         Turns: 394, Time: 00:00:34

Health: 18/20      AC:  2    Str:  8    XL:     2   Next: 3%
Magic:  5/5        EV: 12    Int: 16    God:
Gold:   45         SH:  0    Dex: 13    Spells: 4/5 levels left

rFire   . . .      SeeInvis .   f - +0 rapier
rCold   . . .      Faith    .   (no shield)
rNeg    . . .      Spirit   .   a - +0 robe
rPois   .          Reflect  .   (no helmet)
rElec   .          Harm     .   (no cloak)
rCorr   .          Rampage  .   (no gloves)
Will    .....                   (no boots)
Stlth   ++........              (no amulet)
HPRegen 0.06/turn               (no ring)
MPRegen 0.09/turn               (no ring)

@: no status effects
A: demonic guardian 1
a: no special abilities


You escaped.
You visited 1 branch of the dungeon, and saw 1 of its levels.

You collected 45 gold pieces.

Inventory:

Hand Weapons
 f - a +0 rapier (weapon)
Armour
 a - a +0 robe (worn)
Scrolls
 d - a scroll of immolation {unknown}
 e - a scroll of identify {unknown}
Potions
 b - a potion of magic
 c - a potion of heal wounds {unknown}


   Skills:
 + Level 0.8 Fighting
 - Level 1.7 Dodging
 - Level 1.7 Stealth
 + Level 2.2 Spellcasting
 - Level 0.8 Transmutations
 + Level 2.9 Earth Magic


You had 4 spell levels left.
You knew the following spells:

 Your Spells              Type           Power      Damage    Failure   Level
a - Sandblast             Erth           22%        2d7       6%          1

Your spell library contained the following spells:

 Spells                   Type           Power      Damage    Failure   Level
 Passwall                 Tmut/Erth      5%         N/A       14%         2
 Stone Arrow              Conj/Erth      12%        3d7       32%         3
 Ozocubu's Armour         Ice            1%         N/A       52%         3
 Petrify                  Tmut/Erth      7%         N/A       67%         4
 Ozocubu's Refrigeration  Ice            0%         4d7       100%        7


Dungeon Overview and Level Annotations

Branches:
Dungeon (1/15) Zot: 5598

Altars:


Innate Abilities, Weirdness & Mutations

A weak demonic guardian rushes to your aid.


Message History

You kill the ball python!
Unknown command.
Casting: Sandblast (safe; 6% risk of failure)
Confirm with . or Enter, or press ? or * to list all spells.
Aiming: Sandblast (safe; 6% risk of failure)
Press: ? - help, Shift-Dir - straight line, f - giant cockroach
Aim: a giant cockroach (82% to hit)
The blast of sand hits the giant cockroach!
You kill the giant cockroach!
Unknown command.
You see here a giant cockroach corpse.
Found a rapier.
A kobold comes into view. It is wielding a +0 short sword.
A kobold is nearby!
The kobold shouts!
You see here a +0 rapier.
f - a +0 rapier
f - a +0 rapier (weapon)
You barely miss the kobold. The kobold hits you but does no damage.
The kobold hits you with a +0 short sword.
You hit the kobold but do no damage. The kobold closely misses you.
Casting: Sandblast (safe; 6% risk of failure)
Confirm with . or Enter, or press ? or * to list all spells.
Aiming: Sandblast (safe; 6% risk of failure)
Press: ? - help, Shift-Dir - straight line, f - kobold
Aim: a kobold, wielding a +0 short sword (77% to hit)
The blast of sand hits the kobold.
You kill the kobold!
You have reached level 2!
Your demonic ancestry asserts itself...
You feel the presence of a demonic guardian.
There is a fountain of clear blue water here.
You enter the shallow water.
Moving in this stuff is going to be slow.
There is a large open door here.
There is a fountain of clear blue water here.
There is a large open door here.
There is a staircase leading out of the dungeon here.
Are you sure you want to leave the Dungeon?
This will make you lose the game!
You have escaped!

.....~≈≈≈≈≈≈≈≈≈≈≈≈≈≈≈≈≈≈≈≈≈~....
.....~≈≈≈≈≈≈≈≈≈≈≈≈≈≈≈≈≈≈≈≈≈≈...#
.....~≈≈#+#'#≈≈≈≈≈≈≈#+#'#≈≈~...#
.....≈≈≈'(..##+###'##...'≈≈≈$...
.....~≈≈'...'.......+...'≈≈~....
.....~≈≈#+###.#####.###'#≈≈~....
......~≈≈≈#...#...#...'≈≈≈≈~....
....⌠..~~≈'.⌠.'...###.#≈≈≈~~....
....⌠..~≈~'.⌠.'.@.###.#≈≈≈≈≈?...
......~≈≈≈#...#...#...'≈≈≈≈~....
.....~~≈#'#'#.#####(###'#≈≈~....
.....≈≈≈'...#.......#...'≈≈≈....
.....~≈≈'>..##'###'##...'≈≈≈....
.....~≈≈#+#'#≈≈≈≈≈≈≈#+#'#≈≈B....
.....~≈≈≈≈≈≈≈≈≈≈≈≈≈≈≈≈≈≈≈≈≈~....
.....~≈≈≈≈≈≈≈≈≈≈≈≈≈≈≈≈≈≈≈≈≈~....
#....~≈≈~~~≈≈~~~~~~~~~~~~~~~....


There were no monsters in sight!

Vanquished Creatures
  3 ball pythons (D:1)
  An endoplasm (D:1)
  A giant cockroach (D:1)
  A kobold (D:1)
  A bat (D:1)
  A rat (D:1)
8 creatures vanquished.

Notes
Turn   | Place    | Note
-------+----------+-------------------------------------------
     0 | D:1      | protoss039 the Demonspawn Earth Elementalist began the
                  | quest for the Orb.
     0 | D:1      | Reached XP level 1. HP: 13/13 MP: 3/3
   285 | D:1      | Found a faded altar of an unknown god.
   364 | D:1      | Gained mutation: A weak demonic guardian rushes to your
                  | aid. [demonic ancestry]
   364 | D:1      | Reached XP level 2. HP: 16/20 MP: 3/5
   394 | D:$      | Got out of the dungeon alive.

Illustrated notes

Levels and vault maps discovered:
D:1:      dpeg_arrival_castle, layout_basic, hellmonk_ecumenical_altar_zigzags

Action                   || total
-------------------------++-------
Melee: Rapier            ||     2
 Cast: Sandblast         ||     8
Armor: Robe              ||     1
Dodge: Dodged            ||     1
